 Dungeon Crawl Stone Soup version 0.31.0-12-g77e489cdc1 (webtiles) character file.

Game seed: 17391333989071492015

221 Peloso the Trooper (level 5, -7/48 HPs)
             Began as a Minotaur Fighter on Mar 2, 2024.
             Killed by nerve-wracking pain
             ... invoked by Grinder
              (12 damage)
             ... on level 3 of the Dungeon.
             The game lasted 00:03:18 (1720 turns).

Peloso the Trooper (Minotaur Fighter)               Turns: 1720, Time: 00:03:18

Health: -7/48      AC:  8    Str: 20 (21) XL:     5   Next: 65%
Magic:  4/4        EV:  9    Int:  5      God:
Gold:   133        SH:  5    Dex: 11      Spells: 4/4 levels left

rFire   . . .        a - +0 long sword
rCold   . . .        d - +0 buckler
rNeg    . . .        b - +0 scale mail
rPois   .            (helmet restricted)
rElec   .            (no cloak)
rCorr   .            c - +0 pair of gloves
SInv    .            (no boots)
Will    .....        (no amulet) Stlth
                     (no ring)
HPRegen 0.28/turn    (no ring)
MPRegen 0.09/turn

%: no passive effects
@: no status effects
A: horns 2, retaliatory headbutt
a: no special abilities


You were on level 3 of the Dungeon.
You visited 1 branch of the dungeon, and saw 3 of its levels.

You collected 133 gold pieces.

Inventory:

Hand Weapons
 a - a +0 long sword (weapon)
Armour
 b - a +0 scale mail (worn)
 c - a +0 pair of gloves (worn)
 d - a +0 buckler (worn)
Scrolls
 e - a scroll of silence {unknown}
 g - a scroll of fog {unknown}
 i - 2 scrolls of noise {unknown}
 j - 2 scrolls of identify {unknown}
Potions
 f - a potion of invisibility
 h - a potion of might
 k - a potion of curing {unknown}


   Skills:
 + Level 5.1 Fighting
 + Level 4.7 Long Blades
 + Level 4.4 Armour
 + Level 1.0 Dodging
 + Level 0.2 Stealth
 + Level 4.4 Shields


You had 4 spell levels left.
You didn't know any spells.
Your spell library contained the following spells:

 Spells                   Type           Power      Damage    Failure   Level
 Magic Dart               Conj           0%         1d3       87%         1
 Blink                    Tloc           0%         N/A       95%         2
 Call Imp                 Summ           0%         N/A       95%         2
 Mercury Vapours          Alch/Air       0%         N/A       95%         2
 Inner Flame              Hex/Fire       0%         N/A       99%         3
 Mephitic Cloud           Conj/Alch/Air  0%         N/A       99%         3
 Volatile Blastmotes      Fire/Tloc      0%         2d10      99%         3
 Flame Wave               Conj/Fire      0%         2d4       100%        4
 Fulminant Prism          Conj/Alch      0%         3d5       100%        4
 Iskenderun's Mystic Bla  Conj/Tloc      0%         2d3       100%        4
 Leda's Liquefaction      Alch/Erth      0%         N/A       100%        4
 Sticky Flame             Fire/Alch      0%         2d4       100%        4
 Freezing Cloud           Conj/Ice/Air   0%         6-21      100%        5
 Lee's Rapid Deconstruct  Erth           0%         3d4*      100%        5
 Bombard                  Conj/Erth      0%         9d1       100%        6


Dungeon Overview and Level Annotations

Branches:
Dungeon (3/15)

Altars:
Dithmenos
Kikubaaqudgha

Annotations:
D:2 1 runed translucent door, Crazy Yiuf
D:3 Grinder


Innate Abilities, Weirdness & Mutations

You have a pair of horns on your head.
You reflexively headbutt those who attack you in melee.


Message History

You resist with significant effort.
A kobold comes into view. It is wielding a +0 dagger.
Grinder gestures at you. Pain shoots through your body!
Grinder gestures at you. Pain shoots through your body!
You hit Grinder but do no damage. Your headbutt misses Grinder.
Grinder gestures at you. Pain shoots through your body!
You hit Grinder but do no damage. Grinder gestures at you.
You suddenly lose the ability to move!
The kobold hits you but does no damage. The kobold hits you but does no damage.
Grinder says, "Tell me all your secrets, or I'll kill you."
Grinder hits you.
You writhe in agony.
You can move again.
Grinder blinks!
Unknown command.
You closely miss the kobold. You block the kobold's attack. x2
You hit the kobold. You headbutt the kobold.
You kill the kobold!
Grinder blinks!
You see here a +0 dagger.
Grinder blinks!
Grinder hits you!
* * * LOW HITPOINT WARNING * * *
You writhe in agony.
* * * LOW HITPOINT WARNING * * *
You closely miss Grinder. Your headbutt misses Grinder. Grinder hits you.
* * * LOW HITPOINT WARNING * * *
You writhe in agony.
* * * LOW HITPOINT WARNING * * *
You hit Grinder but do no damage.
Grinder says, "Mostly I couldn't keep them alive."
You block Grinder's attack.
You closely miss Grinder. Grinder gestures at you.
Pain shoots through your body!
You die...
Grinder says, "Now the real fun starts!"

#+# #.# #.# #
#5###.#
########@....#.#.
## ##
#......).........
.. ..#
#.######.....#.##
.(.#.# #.#
...#######
#.#.####.# ...#
...#....#....##
#.#.####......
#...####....#
#...))......#


You could see Grinder.

Vanquished Creatures
  A hound (D:2)
  An orc priest (D:3)
  Jessica (D:2)
  Terence (D:2)
  An orc wizard (D:3)
  An adder (D:2)
  3 dart slugs (D:1)
  A ribbon worm (D:3)
  6 orcs (D:3)
  7 ball pythons
  5 bats
  7 endoplasms
  2 giant cockroaches (D:1)
  5 goblins
  5 hobgoblins
  8 kobolds
  3 quokkas
  2 frilled lizards
  6 rats
66 creatures vanquished.

Notes
Turn   | Place    | Note
-------+----------+-------------------------------------------
     0 | D:1      | Peloso the Minotaur Fighter began the quest for the Orb.
     0 | D:1      | Reached XP level 1. HP: 19/19 MP: 0/0
   114 | D:1      | Reached XP level 2. HP: 27/27 MP: 1/1
   127 | D:1      | Reached skill level 4 in Fighting
   450 | D:1      | Reached XP level 3. HP: 31/33 MP: 2/2
   640 | D:2      | Reached XP level 4. HP: 40/40 MP: 3/3
   724 | D:2      | Found a runed translucent door.
   725 | D:2      | Noticed Crazy Yiuf
   781 | D:2      | Noticed Jessica
   790 | D:2      | Killed Jessica
   877 | D:2      | Found a faded altar of an unknown god.
   933 | D:2      | Noticed Terence
   948 | D:2      | Killed Terence
   999 | D:2      | Reached XP level 5. HP: 47/47 MP: 4/4
  1010 | D:2      | Found an ancient bone altar of Kikubaaqudgha.
  1280 | D:3      | Found a shadowy altar of Dithmenos.
  1477 | D:3      | Reached skill level 5 in Fighting
  1490 | D:3      | Reached skill level 1 in Dodging
  1703 | D:3      | Noticed Grinder
  1709 | D:3      | Paralysed by Grinder for 2 turns
  1720 | D:3      | Killed from afar by Grinder

Illustrated notes

Levels and vault maps discovered:
D:1:      tarquinn_simple_flora_water_a, layout_basic
D:2:      layout_rooms, basic_altar, ebering_ecumenical_altar_webs,
          chequers_decorated_corner, minivault_19, nrook_campfire, uniq_jessica,
          uniq_terence, uniq_crazy_yiuf_cottage
D:3:      layout_basic, mainiacjoe_overflow_boulevard, minmay_puff, uniq_ijyb,
          uniq_grinder

Skill      XL: |  1  2  3  4  5 |
---------------+----------------+-----
Fighting       | 4 5 |  5.1
Shields        | 4 |  4.4
Armour         | 4 |  4.4
Long Blades    | 3 4 |  4.7
Dodging        | 1 |  1.0
Stealth        | |  0.2

Action                     |  1- 3 |  4- 6 || total
---------------------------+-------+-------++-------
  Melee: Long sword        |    61 |   107 ||   168
         Headbutt          |     5 |    14 ||    19
    Use: Potion            |     2 |     1 ||     3
   Stab: Invisible         |     1 |       ||     1
 Armour: Scale mail        |    63 |    69 ||   132
         Skin              |       |    20 ||    20
  Dodge: Dodged            |    35 |    40 ||    75
  Block: Buckler           |    22 |    24 ||    46
